PCL
WALLA WALLA ALL-STARS @ MEXICO CITY CERVECEROS
05/13/2023
 
TOP OF THE 1ST
Walla Walla All-Stars batting - Pitching for Mexico City Cerveceros : RHP Jack Walker
Pitching: RHP Jack Walker
Batting: RHB Leslie Penn 0-0: Ball
1-0: Called Strike
1-1: SINGLE (Groundball, 13) (infield hit)
Batting: SHB Sean Carr 0-0: Foul Ball, location: 2F
0-1: SINGLE (Groundball, 34D)
Leslie Penn to second
Throwing error, E9
Leslie Penn scores
Sean Carr to second
Batting: RHB Lorenzo Morín 0-0: Foul Ball, location: 2F
0-1: Foul Ball, location: 2F
0-2: Strikes out swinging
Batting: LHB Keith Beard 0-0: Ground out 4-3 (Groundball, 4)
Sean Carr to third
Batting: RHB Pablo Lucero 0-0: Ball
1-0: Ball
2-0: Fly out, F7 (Line Drive, 7M)
Top of the 1st over - 1 run(s), 2 hit(s), 1 error(s), 1 left on base; Walla Walla 1 - Mexico City 0
BOTTOM OF THE 1ST
Mexico City Cerveceros batting - Pitching for Walla Walla All-Stars : RHP Chris Sullivan
Pitching: RHP Chris Sullivan
Batting: RHB Dan Mason 0-0: Bunted foul
0-1: SINGLE (Groundball, 56)
Batting: RHB Murai Ishihara 0-0: Ball
Dan Mason is caught stealing 2nd base
1-0: Foul Ball, location: 2F
1-1: Ground out 6-3 (Groundball, 6M)
Batting: LHB Luka Lagerweij 0-0: Ball
1-0: Called Strike
1-1: Ball
2-1: Ball
3-1: Foul Ball, location: 2F
3-2: Foul Ball, location: 2F
3-2: Base on Balls
Batting: RHB Dave Morgan 0-0: DOUBLE (Line Drive, 78M)
Luka Lagerweij to third
Runner from 3rd tries for Home, SAFE, no throw or cutoff
Batting: LHB Eduardo Gómez 0-0: Foul Ball, location: 2F
0-1: Ball
1-1: Ball
2-1: Swinging Strike
2-2: Strikes out swinging
Bottom of the 1st over - 1 run(s), 2 hit(s), 0 error(s), 1 left on base; Walla Walla 1 - Mexico City 1
TOP OF THE 2ND
Walla Walla All-Stars batting - Pitching for Mexico City Cerveceros : RHP Jack Walker
Batting: LHB Mike Young 0-0: Ground out 6-3 (Groundball, 6)
Batting: RHB Luke McIndoe 0-0: Ground out 5-3 (Groundball, 56)
Batting: RHB Jim Dunbar 0-0: Called Strike
0-1: Swinging Strike
0-2: Ground out U3 (Groundball, 3S)
Top of the 2nd over - 0 run(s), 0 hit(s), 0 error(s), 0 left on base; Walla Walla 1 - Mexico City 1
BOTTOM OF THE 2ND
Mexico City Cerveceros batting - Pitching for Walla Walla All-Stars : RHP Chris Sullivan
Batting: LHB Chad Weaver 0-0: Ball
1-0: Fly out, F6 (Popup, 56D)
Batting: RHB Iván Gonzáles 0-0: Ball
1-0: Ball
2-0: Ball
3-0: Called Strike
3-1: Foul Ball, location: 2F
3-2: SINGLE (Line Drive, 9LS)
Batting: LHB Javier Escobedo 0-0: Ball
1-0: Ball
2-0: Ball
3-0: Called Strike
3-1: Swinging Strike
3-2: Base on Balls
Iván Gonzáles to second
Batting: RHB Robert Johnson 0-0: Ball
1-0: Swinging Strike
1-1: Ball
2-1: Called Strike
2-2: Ball
3-2: Strikes out looking
Batting: RHB Dan Mason 0-0: Ball
1-0: Ball
2-0: Swinging Strike
2-1: Foul Ball, location: 2F
2-2: SINGLE (Popup, 9LS)
Iván Gonzáles to third
Javier Escobedo to second
Runner from 3rd tries for Home, SAFE, no throw or cutoff
Batting: RHB Murai Ishihara 0-0: Ball
1-0: Ball
2-0: Ball
3-0: Called Strike
3-1: Base on Balls
Javier Escobedo to third
Dan Mason to second
Batting: LHB Luka Lagerweij 0-0: Ball
1-0: Called Strike
1-1: Ball
2-1: Foul Ball, location: 2F
2-2: Ball
3-2: GRAND SLAM HOME RUN (Flyball, 78D), Distance : 388 ft
Batting: RHB Dave Morgan 0-0: Ball
1-0: DOUBLE (Groundball, 5L)
Batting: LHB Eduardo Gómez 0-0: Ball
1-0: Hit by Pitch
Batting: LHB Chad Weaver 0-0: Called Strike
0-1: Swinging Strike
0-2: Foul Ball, location: 2F
0-2: Ball
1-2: Foul Ball, location: 2F
1-2: Ground out 6-3 (Groundball, 6)
Bottom of the 2nd over - 5 run(s), 4 hit(s), 0 error(s), 2 left on base; Walla Walla 1 - Mexico City 6
TOP OF THE 3RD
Walla Walla All-Stars batting - Pitching for Mexico City Cerveceros : RHP Jack Walker
Batting: RHB Pablo Castillo 0-0: DOUBLE (Flyball, 7D)
Pinch Runner at 2nd Ryu Kichida:
Batting: RHB Leslie Penn 0-0: Foul Ball, location: 2F
0-1: Ball
1-1: Swinging Strike
1-2: Strikes out swinging
Batting: SHB Sean Carr 0-0: Ball
1-0: Ball
2-0: Ball
3-0: Base on Balls
Batting: RHB Lorenzo Morín 0-0: Grounds into double play, 1-6-3 (Groundball, 23)
Top of the 3rd over - 0 run(s), 1 hit(s), 0 error(s), 1 left on base; Walla Walla 1 - Mexico City 6
BOTTOM OF THE 3RD
Mexico City Cerveceros batting - Pitching for Walla Walla All-Stars : RHP Chris Sullivan
Now at SS: Ryu Kichida
Batting: RHB Iván Gonzáles 0-0: Called Strike
0-1: Ball
1-1: Ball
2-1: Foul Ball, location: 2F
2-2: Ball
3-2: Fly out, F7 (Flyball, 7D)
Batting: LHB Javier Escobedo 0-0: Ball
1-0: Ball
2-0: Ball
3-0: Base on Balls
Batting: RHB Robert Johnson 0-0: Ball
1-0: Foul Ball, location: 2F
1-1: Called Strike
1-2: Strikes out swinging
Batting: RHB Dan Mason 0-0: Called Strike
0-1: Fly out, F8 (Flyball, 8LXD)
Bottom of the 3rd over - 0 run(s), 0 hit(s), 0 error(s), 1 left on base; Walla Walla 1 - Mexico City 6
TOP OF THE 4TH
Walla Walla All-Stars batting - Pitching for Mexico City Cerveceros : RHP Jack Walker
Batting: LHB Keith Beard 0-0: Ball
1-0: Fly out, F7 (Line Drive, 78S)
Batting: RHB Pablo Lucero 0-0: Called Strike
0-1: Called Strike
0-2: Ground out 5-3 (Groundball, 56)
Batting: LHB Mike Young 0-0: Ball
1-0: Ball
2-0: Called Strike
2-1: Foul Ball, location: 2F
2-2: Fly out, F2 (Popup, 15S)
Top of the 4th over - 0 run(s), 0 hit(s), 0 error(s), 0 left on base; Walla Walla 1 - Mexico City 6
BOTTOM OF THE 4TH
Mexico City Cerveceros batting - Pitching for Walla Walla All-Stars : RHP Chris Sullivan
Batting: RHB Murai Ishihara 0-0: Called Strike
0-1: Ball
1-1: Ball
2-1: Ball
3-1: Base on Balls
Batting: LHB Luka Lagerweij 0-0: Ball
1-0: Ball
2-0: Ball
3-0: Base on Balls
Murai Ishihara to second
Batting: RHB Dave Morgan 0-0: Grounds into double play, 6-4-3 (Groundball, 6M)
Murai Ishihara to third
Batting: LHB Eduardo Gómez 0-0: Ball
1-0: Ball
2-0: Called Strike
2-1: Foul Ball, location: 2F
2-2: Foul Ball, location: 2F
2-2: Fly out, F9 (Line Drive, 9D)
Bottom of the 4th over - 0 run(s), 0 hit(s), 0 error(s), 1 left on base; Walla Walla 1 - Mexico City 6
TOP OF THE 5TH
Walla Walla All-Stars batting - Pitching for Mexico City Cerveceros : RHP Jack Walker
Batting: RHB Luke McIndoe 0-0: Swinging Strike
0-1: Ball
1-1: Ball
2-1: Ball
3-1: Base on Balls
Batting: RHB Jim Dunbar 0-0: Called Strike
0-1: Swinging Strike
0-2: Strikes out looking
Batting: SHB Ryu Kichida 0-0: Called Strike
0-1: Called Strike
0-2: Foul Ball, location: 2F
0-2: Grounds into double play, 4-6-3 (Groundball, 4)
Top of the 5th over - 0 run(s), 0 hit(s), 0 error(s), 0 left on base; Walla Walla 1 - Mexico City 6
BOTTOM OF THE 5TH
Mexico City Cerveceros batting - Pitching for Walla Walla All-Stars : RHP Chris Sullivan
Batting: LHB Chad Weaver 0-0: Called Strike
0-1: SOLO HOME RUN (Flyball, 8LXD), Distance : 412 ft
Batting: RHB Iván Gonzáles 0-0: Called Strike
0-1: Ball
1-1: Foul Ball, location: 2F
1-2: Ground out 4-3 (Groundball, 4M)
Pitching: RHP William Tagg
Batting: LHB Javier Escobedo 0-0: Ground out 1-3 (Groundball, 15S)
Batting: RHB Robert Johnson 0-0: Called Strike
0-1: Ball
1-1: Swinging Strike
1-2: Foul Ball, location: 2F
1-2: Strikes out swinging
Bottom of the 5th over - 1 run(s), 1 hit(s), 0 error(s), 0 left on base; Walla Walla 1 - Mexico City 7
TOP OF THE 6TH
Walla Walla All-Stars batting - Pitching for Mexico City Cerveceros : RHP Jack Walker
Batting: RHB Leslie Penn 0-0: Called Strike
0-1: Ball
1-1: Ball
2-1: Fly out, F7 (Flyball, 7LM)
Batting: SHB Sean Carr 0-0: Ball
1-0: Ball
2-0: Foul Ball, location: 2F
2-1: Foul Ball, location: 2F
2-2: Strikes out swinging
Batting: RHB Lorenzo Morín 0-0: SINGLE (Line Drive, 6D)
Batting: LHB Keith Beard 0-0: Ball
Lorenzo Morín steals 2nd base
1-0: Ball
2-0: Foul Ball, location: 2F
2-1: Foul Ball, location: 2F
2-2: SINGLE (Flyball, 7S)
Lorenzo Morín to third
Runner from 3rd tries for Home, SAFE, no throw or cutoff
Batting: RHB Pablo Lucero 0-0: Called Strike
0-1: Swinging Strike
0-2: SINGLE (Groundball, 6)
Keith Beard to second
Batting: LHB Mike Young 0-0: Ground out 1-3 (Groundball, 34S)
Top of the 6th over - 1 run(s), 3 hit(s), 0 error(s), 2 left on base; Walla Walla 2 - Mexico City 7
BOTTOM OF THE 6TH
Mexico City Cerveceros batting - Pitching for Walla Walla All-Stars : RHP William Tagg
Batting: RHB Dan Mason 0-0: Called Strike
0-1: Ball
1-1: Called Strike
1-2: Strikes out looking
Batting: RHB Murai Ishihara 0-0: SINGLE (Groundball, 34D)
Batting: LHB Luka Lagerweij 0-0: Called Strike
0-1: Ball
1-1: Ball
2-1: Ball
3-1: Grounds into double play, 6-4-3 (Groundball, 6)
Bottom of the 6th over - 0 run(s), 1 hit(s), 0 error(s), 0 left on base; Walla Walla 2 - Mexico City 7
TOP OF THE 7TH
Walla Walla All-Stars batting - Pitching for Mexico City Cerveceros : RHP Jack Walker
Batting: RHB Luke McIndoe 0-0: Foul Ball, location: 2F
0-1: Fly out, F7 (Flyball, 78XD)
Batting: RHB Jim Dunbar 0-0: Ball
1-0: Ball
2-0: SINGLE (Line Drive, 8RS)
Batting: SHB Ryu Kichida 0-0: Ball
1-0: Ball
2-0: Ball
3-0: Called Strike
3-1: Base on Balls
Jim Dunbar to second
Batting: RHB Leslie Penn 0-0: Ball
1-0: DOUBLE (Line Drive, 8LD)
Jim Dunbar scores
Ryu Kichida to third
Batting: SHB Sean Carr 0-0: Called Strike
0-1: Foul Ball, location: 2F
0-2: Ball
1-2: Ground out 5-3 (Groundball, 56)
Ryu Kichida scores
Batting: RHB Lorenzo Morín 0-0: Ball
1-0: Ball
2-0: Ground out 6-3 (Groundball, 6M)
Top of the 7th over - 2 run(s), 2 hit(s), 0 error(s), 1 left on base; Walla Walla 4 - Mexico City 7
BOTTOM OF THE 7TH
Mexico City Cerveceros batting - Pitching for Walla Walla All-Stars : RHP William Tagg
Batting: RHB Dave Morgan 0-0: Ball
1-0: Ball
2-0: Ball
3-0: Base on Balls
Batting: LHB Eduardo Gómez 0-0: Called Strike
0-1: Swinging Strike
Reached via error on a dropped throw, E1
Dave Morgan to second
Batting: LHB Chad Weaver 0-0: Called Strike
0-1: Ground out 3-1 (Groundball, 34S)
Dave Morgan to third
Eduardo Gómez to second
Pitching: RHP Javier Valenzuela
Batting: RHB Iván Gonzáles 0-0: Ball
1-0: Foul Ball, location: 2F
1-1: Foul Ball, location: 2F
1-2: Foul Ball, location: 2F
1-2: Foul Ball, location: 2F
1-2: Foul Ball, location: 2F
1-2: Ball
2-2: Ball
3-2: Foul Ball, location: 2F
3-2: Base on Balls
Pinch Hitting: LHB Brandon Cummings 0-0: Ball
1-0: Fly out, F9 (Flyball, 9M)
Runner from 3rd tags up, SCORES, throw made
Batting: RHB Robert Johnson 0-0: Called Strike
0-1: Swinging Strike
0-2: Ball
1-2: Ball
2-2: Strikes out swinging
Bottom of the 7th over - 1 run(s), 0 hit(s), 1 error(s), 2 left on base; Walla Walla 4 - Mexico City 8
TOP OF THE 8TH
Walla Walla All-Stars batting - Pitching for Mexico City Cerveceros : RHP Jack Walker
Now at SS: Jesús Ramírez
Batting: LHB Keith Beard 0-0: Called Strike
0-1: Ball
1-1: Ball
2-1: Called Strike
2-2: Foul Ball, location: 2F
2-2: Ball
3-2: Base on Balls
Pitching: RHP Howard Joyce
Batting: RHB Pablo Lucero 0-0: Ball
1-0: Ball
2-0: Fly out, F7 (Flyball, 78M)
Batting: LHB Mike Young 0-0: Fly out, F8 (Line Drive, 8LS)
Batting: RHB Luke McIndoe 0-0: Hit by Pitch
Keith Beard to second
Pitching: RHP Gilberto Barrera
Batting: RHB Jim Dunbar 0-0: Swinging Strike
0-1: DOUBLE (Line Drive, 78M)
Keith Beard scores
Luke McIndoe to third
Runner from 3rd tries for Home, SAFE, throw made home
Batting: SHB Ryu Kichida 0-0: Swinging Strike
0-1: Foul Ball, location: 2F
0-2: Ground out 1-3 (Groundball, 3S)
Top of the 8th over - 2 run(s), 1 hit(s), 0 error(s), 1 left on base; Walla Walla 6 - Mexico City 8
BOTTOM OF THE 8TH
Mexico City Cerveceros batting - Pitching for Walla Walla All-Stars : RHP Javier Valenzuela
Batting: RHB Dan Mason 0-0: Ball
1-0: Foul Ball, location: 2F
1-1: SINGLE (Line Drive, 6D)
Batting: RHB Murai Ishihara 0-0: Ball
Dan Mason steals 2nd base
1-0: Ball
2-0: Called Strike
2-1: Ball
3-1: Base on Balls
Batting: LHB Luka Lagerweij 0-0: Called Strike
0-1: Swinging Strike
0-2: Ball
1-2: Foul Ball, location: 2F
1-2: Strikes out swinging
Batting: RHB Dave Morgan 0-0: Ball
1-0: Ball
2-0: Ball
3-0: Called Strike
3-1: Foul Ball, location: 2F
3-2: Base on Balls
Dan Mason to third
Murai Ishihara to second
Batting: LHB Eduardo Gómez 0-0: Ball
1-0: Fly out, F4 (Popup, 4MD)
Batting: LHB Chad Weaver 0-0: Ball
1-0: Ball
2-0: Called Strike
2-1: Ball
3-1: Base on Balls
Dan Mason scores
Murai Ishihara to third
Dave Morgan to second
Pinch Hitting: LHB Francisco Franco 0-0: Called Strike
0-1: Fly out, F7 (Flyball, 78M)
Bottom of the 8th over - 1 run(s), 1 hit(s), 0 error(s), 3 left on base; Walla Walla 6 - Mexico City 9
TOP OF THE 9TH
Walla Walla All-Stars batting - Pitching for Mexico City Cerveceros : RHP Gilberto Barrera
Pitching: RHP David Escobido
Now at 3B: Ernesto Jiménez
Batting: RHB Leslie Penn 0-0: Ball
1-0: Ground out 1-3 (Groundball, 13)
Batting: SHB Sean Carr 0-0: Ball
1-0: SINGLE (Line Drive, 4D)
Batting: RHB Lorenzo Morín 0-0: Ball
1-0: Ball
2-0: Called Strike
2-1: Foul Ball, location: 2F
2-2: Grounds into double play, 6-4-3 (Groundball, 6M)
Top of the 9th over - 0 run(s), 1 hit(s), 0 error(s), 0 left on base; Walla Walla 6 - Mexico City 9
This league is powered by Out of the Park Baseball, the baseball management simulation game for PC, Mac and Linux
Wednesday, December 2nd, 2015 - OOTP Baseball 16.8 Build 38